AoeStats
← Python 1.2.20

Arabia

510013403Analyzed
1v1 RM · 3d ago on Sep 29, 2026· 48m 26s· 2 players
Game mode
Random Map
Map size
Tiny (2 player)
Population
200
Speed
Normal
Resources
Standard
Victory
Conquest
Starting age
Dark Age
Ending age
Imperial Age
RankedLock teamsTeams togetherTeam positionsShared explorationLock speedFull tech treeHidden civsTurbo modeCheats
Victory
Defeat
🇹🇼 Saxons · Taiwan
1478
+15
🇹🇷 Saxons · Türkiye
1467
-15
Clainoire
2:19 Loom
6:56 Loom
9:07 Feudal Age
9:53 Double-Bit Axe
13:26 Fletching
16:45 Horse Collar
22:03 Castle Age
22:12 Wheelbarrow
21:49 Gold Mining
22:41 Bodkin Arrow
23:20 Bloodlines
23:11 Husbandry
24:31 Padded Archer Armor
25:41 Bow Saw
28:21 Ballistics
29:03 Hand Cart
37:38 Imperial Age
35:39 Town Watch
37:05 Scale Mail Armor
38:08 Chain Mail Armor
37:58 Squires
38:26 Bracer
39:51 Chemistry
42:07 Conscription
42:34 Plate Mail Armor
42:15 Forging
44:01 Cranequins
45:19 Thumb Ring
47:49 Leather Archer Armor
48:30 Murder Holes
48:12 Heavy Mounted Crossbowman
Python 1.2.20
5:40 Loom
8:58 Feudal Age
9:51 Double-Bit Axe
10:45 Horse Collar
14:45 Scale Barding Armor
16:14 Bloodlines
18:18 Wheelbarrow
19:47 Forging
24:04 Castle Age
23:04 Gold Mining
24:00 Town Watch
24:06 Light Cavalry
25:08 Chain Barding Armor
25:19 Husbandry
27:07 Bow Saw
38:34 Imperial Age
36:09 Scale Mail Armor
36:46 Iron Casting
36:39 Stone Mining
36:44 Arson
36:59 Squires
37:17 Chain Mail Armor
40:13 Fletching
40:45 Ballistics
40:36 Masonry
42:23 Hand Cart
44:40 Imperial Age
42:56 Gold Shaft Mining
42:37 Bodkin Arrow
45:55 Plate Mail Armor
45:27 Bracer
44:55 Shield Wall
45:56 Conscription
46:04 Elite Hearth Troop
47:49 Architecture
47:59 Hoardings
Connection lost

Rejoining the realm…

Still unreachable

The connection could not be restored.

Session expired

The server has moved on; the page needs a fresh start.